Avalanche vs BlueJackets

Created - Sunday, March 08, 2015 at 01:44

Goals
1 2 3 T
Avalanche 4 3 1 8
BlueJackets 0 0 0 0
Shots
1 2 3 T
Avalanche 9 8 16 33
BlueJackets 15 7 4 26

1st period

1. Avalanche , Lars Eller 13 (Valeri Nichushkin, Benoit Pouliot) at 4:00
2. Avalanche , Valeri Nichushkin 6 (Lars Eller) at 5:27
3. Avalanche , Valeri Nichushkin 7 (Clayton Stoner) at 7:22
4. Avalanche , Mike Ribeiro 15 (Morgan Rielly, Joffrey Lupul) at 18:22 (PP)

Penalties :
Erik Cole (Clb) for Tripping (Minor) at 15:39, Kevin Connauton (Clb) for Hooking (Minor) at 18:08

2nd period

5. Avalanche , Daniel Briere 4 (Ryan McDonagh, Keaton Ellerby) at 4:16
6. Avalanche , Lars Eller 14 (Ryan McDonagh, Valeri Nichushkin) at 9:43
7. Avalanche , Ryan O'Reilly 34 (Morgan Rielly) at 17:49 (PP)

Penalties :
Tobias Enstrom (Clb) for Interference (Minor) at 0:03, Sam Gagner (Clb) for Holding (Minor) at 13:58, Justin Williams (Clb) for Tripping (Minor) at 17:36, Benoit Pouliot (Col) for Holding (Minor) at 18:33

3rd period

8. Avalanche , Rostislav Klesla 3 (Daniel Briere, Tyler Kennedy) at 10:43

Penalties :
Tobias Enstrom (Clb) for Tripping (Minor) at 1:39, Mike Ribeiro (Col) for Cross-checking (Minor) at 7:45

Goalie Stats

Viktor Fasth (Col), 26 saves from 26 shots - (1.000), W, 6-17-0, 60:00 minutes
Joni Ortio (Clb), 20 saves from 24 shots - (0.833), 41:38 minutes
Jake Allen (Clb), 5 saves from 9 shots - (0.556), L, 8-18-3, 18:22 minutes

Players Stats for Avalanche

Player Name              G  A  P  +/- PIM S  H  SB GA TA FO     MP     PP MP  PK MP  
------------------------------------------------------------------------------------
Benoit Pouliot           0  1  1   4  2   0  1  0  2  0  0/0    20:43   3:49   0:49 
Brad Stuart              0  0  0   0  0   1  1  0  1  0  0/0    19:50   3:37   1:08 
Braydon Coburn           0  0  0   2  0   1  3  4  0  3  0/0    21:28   3:37   2:50 
Clayton Stoner           0  1  1   3  0   4  1  0  0  3  0/0    14:04   0:00   0:00 
Daniel Briere            1  1  2   2  0   6  1  0  3  0  0/1    18:53   3:49   0:00 
Joffrey Lupul            0  1  1   0  0   1  1  0  3  0  0/0    15:00   4:34   0:00 
Keaton Ellerby           0  1  1   1  0   0  0  0  0  0  0/0     4:00   0:00   0:00 
Lars Eller               2  1  3   4  0   2  4  0  2  0  6/10   19:17   3:49   0:00 
Matt Halischuk           0  0  0   0  0   0  0  0  1  0  0/0     6:23   0:00   0:00 
Mike Ribeiro             1  0  1   0  2   1  3  0  1  0  0/0    17:46   4:34   1:59 
Morgan Rielly            0  2  2   0  0   1  0  0  1  1  0/0    19:20   4:46   0:00 
Rene Bourque             0  0  0   0  0   1  1  0  0  0  1/2     7:57   0:31   0:00 
Rostislav Klesla         1  0  1   3  0   2  1  0  1  1  0/0    15:12   0:00   1:08 
Ryan McDonagh            0  2  2   3  0   0  3  3  1  3  0/0    26:06   4:46   2:50 
Ryan O'Reilly            1  0  1   0  0   6  0  0  1  2  6/22   23:29   4:03   3:02 
T.J. Hensick             0  0  0   2  0   0  2  0  0  0  6/11   15:25   0:00   0:41 
Tyler Kennedy            0  1  1   2  0   4  1  0  0  0  1/1    14:34   0:00   0:00 
Valeri Nichushkin        2  2  4   4  0   3  1  0  3  2  1/1    16:33   0:00   1:25 

Players Stats for BlueJackets

Player Name              G  A  P  +/- PIM S  H  SB GA TA FO     MP     PP MP  PK MP  
------------------------------------------------------------------------------------
Adam Pardy               0  0  0   0  0   0  1  0  0  0  0/0    22:20   2:09   5:49 
Chad Ruhwedel            0  0  0  -4  0   3  0  0  1  0  0/0    16:01   0:00   0:29 
Drew Shore               0  0  0  -1  0   5  1  1  2  2  5/9    14:20   0:09   0:00 
Erik Cole                0  0  0   0  2   0  1  1  6  0  0/1    19:37   2:26   1:49 
James Wright             0  0  0  -3  0   0  0  1  1  1  3/6    11:07   0:00   2:28 
Jesse Winchester         0  0  0  -1  0   2  1  0  0  0  0/0    13:33   0:00   0:00 
Justin Williams          0  0  0  -5  2   1  3  0  1  0  0/1    22:07   1:23   3:52 
Kevin Connauton          0  0  0  -2  2   1  1  0  0  0  0/0    14:31   0:00   0:00 
Kevin Klein              0  0  0   0  0   3  1  2  0  2  0/0    24:10   1:49   5:19 
Magnus Paajarvi          0  0  0   0  0   0  0  0  0  0  0/0     0:00   0:00   0:00 
Manny Malhotra           0  0  0   0  0   0  1  0  1  0  5/7    15:11   0:00   0:00 
Michael Raffl            0  0  0  -3  0   1  0  0  2  0  0/1     8:56   0:00   0:14 
Patrick Wiercioch        0  0  0  -2  0   2  2  3  0  1  0/0    19:19   1:49   2:34 
Ryan Garbutt             0  0  0  -1  0   3  5  1  2  1  2/3    17:20   2:26   0:00 
Sam Gagner               0  0  0   0  2   2  1  0  4  1  1/2    19:23   2:26   1:35 
Teddy Purcell            0  0  0  -2  0   0  1  1  3  2  5/7    17:56   1:32   6:20 
Tobias Enstrom           0  0  0  -4  4   3  0  2  1  1  0/0    24:15   2:09   2:35 
Vernon Fiddler           0  0  0  -2  0   0  1  0  0  1  6/11   11:25   1:32   0:28 

3 Stars

1 - Valeri Nichushkin (Col)
2 - Lars Eller (Col)
3 - Viktor Fasth (Col)

Power Play

Avalanche - 2 on 6 Attempt(s) - 33.33%
BlueJackets - 0 on 2 Attempt(s) - 0.00%

Penalty Kill

Avalanche - 2 on 2 Attempt(s) - 100.00% - Score 0 goal in Penalty Kill
BlueJackets - 4 on 6 Attempt(s) - 66.67% - Score 0 goal in Penalty Kill

Team Stat

Avalanche - Hits : 24 - Faceoff Wins : 21 - Blocked Shots : 7 - Penalty Minutes : 4
BlueJackets - Hits : 20 - Faceoff Wins : 27 - Blocked Shots : 12 - Penalty Minutes : 12

Official

Referees : Unknown
Linesman : Unknown

Game Notes

Joni Ortio enters game at 18:22 of 1st period

Finance

Level 1 -- Attendance: 4501 (75.02%) -- Ticket Income $450,100
Level 2 -- Attendance: 3467 (69.34%) -- Ticket Income $208,020
Level 3 -- Attendance: 1404 (70.20%) -- Ticket Income $49,140
Level 4 -- Attendance: 2648 (66.20%) -- Ticket Income $52,960
Luxury Box -- Attendance: 768 (76.80%) -- Ticket Income $153,600
Game was played at the Nationwide Arena'
Total Attendance: 12788 (71.04%)
Total Ticket Income: $913,820
Other Income: $447,772
Total Income: $1,361,592

Avalanche

5 vs 5 Forward 
   Center                   Left Wing                Right Wing               Time % Phy DF OF 
 1 Ryan O'Reilly            Mike Ribeiro             Joffrey Lupul            35     1   2  2  
 2 Lars Eller               Benoit Pouliot           Valeri Nichushkin        30     1   2  2  
 3 T.J. Hensick             Daniel Briere            Tyler Kennedy            25     1   2  2  
 4 Ryan O'Reilly            Rene Bourque             Matt Halischuk           10     1   2  2  

5 vs 5 Defense 
   Defense                  Defense                                           Time % Phy DF OF 
 1 Ryan McDonagh            Braydon Coburn                                    35     1   2  2  
 2 Brad Stuart              Morgan Rielly                                     30     1   2  2  
 3 Clayton Stoner           Rostislav Klesla                                  25     1   2  2  
 4 Keaton Ellerby           Ryan McDonagh                                     10     1   2  2  

PowerPlay Forward 
   Center                   Left Wing                Right Wing               Time % Phy DF OF 
 1 Ryan O'Reilly            Mike Ribeiro             Joffrey Lupul            60     1   2  2  
 2 Lars Eller               Benoit Pouliot           Daniel Briere            40     1   2  2  

PowerPlay Defense
   Defense                  Defense                                           Time % Phy DF OF 
 1 Ryan McDonagh            Morgan Rielly                                     60     1   2  2  
 2 Brad Stuart              Braydon Coburn                                    40     1   2  2  

Penalty Kill 4 Players Forward 
   Center                   Wing                     Time % Phy DF OF 
 1 Ryan O'Reilly            Mike Ribeiro             60     1   2  2  
 2 Joffrey Lupul            Lars Eller               40     1   2  2  

Penalty Kill 4 Players Defense
   Defense                  Defense                  Time % Phy DF OF 
 1 Ryan McDonagh            Braydon Coburn           60     1   2  2  
 2 Brad Stuart              Rostislav Klesla         40     1   2  2  

Penalty Kill - 3 Players Forward 
   Forward                                           Time % Phy DF OF 
 1 Ryan O'Reilly                                     60     1   2  2  
 2 Mike Ribeiro                                      40     1   2  2  

Penalty Kill - 3 Players Defense
   Defense                  Defense                  Time % Phy DF OF 
 1 Ryan McDonagh            Braydon Coburn           60     1   2  2  
 2 Brad Stuart              Rostislav Klesla         40     1   2  2  

4 vs 4 Forward 
   Center                   Wing                     Time % Phy DF OF 
 1 Ryan O'Reilly            Mike Ribeiro             60     1   2  2  
 2 Joffrey Lupul            Lars Eller               40     1   2  2  

4 vs 4 Defense
   Defense                  Defense                  Time % Phy DF OF 
 1 Ryan McDonagh            Morgan Rielly            60     1   2  2  
 2 Brad Stuart              Braydon Coburn           40     1   2  2  

Last Minutes Offensive
   Center                   Left Wing                Right Wing               Defense                  Defense                  
   Ryan O'Reilly            Mike Ribeiro             Joffrey Lupul            Ryan McDonagh            Morgan Rielly            

Last Minutes Defensive
   Center                   Left Wing                Right Wing               Defense                  Defense                  
   Ryan O'Reilly            Lars Eller               Matt Halischuk           Ryan McDonagh            Braydon Coburn           

Goaltenders
Starting : Viktor Fasth             
Backup : Jack Campbell            

Extra Forwards
Normal : Rene Bourque, Tyler Kennedy, Valeri Nichushkin - PP : Rene Bourque, Tyler Kennedy - PK : Valeri Nichushkin
Extra Defensemen
Normal : Clayton Stoner, Morgan Rielly, Keaton Ellerby - PP : Clayton Stoner - PK : Morgan Rielly, Keaton Ellerby
Penalty Shots
Ryan O'Reilly, Mike Ribeiro, Joffrey Lupul, Lars Eller, Benoit Pouliot

BlueJackets

5 vs 5 Forward 
   Center                   Left Wing                Right Wing               Time % Phy DF OF 
 1 Manny Malhotra           Erik Cole                Sam Gagner               35     1   2  2  
 2 Vernon Fiddler           Teddy Purcell            Justin Williams          30     1   2  2  
 3 Drew Shore               Ryan Garbutt             Jesse Winchester         22     1   2  2  
 4 James Wright             Michael Raffl            Justin Williams          13     1   2  2  

5 vs 5 Defense 
   Defense                  Defense                                           Time % Phy DF OF 
 1 Tobias Enstrom           Chad Ruhwedel                                     35     1   2  2  
 2 Adam Pardy               Kevin Klein                                       30     1   2  2  
 3 Patrick Wiercioch        Kevin Connauton                                   22     1   2  2  
 4 Tobias Enstrom           Kevin Klein                                       13     1   2  2  

PowerPlay Forward 
   Center                   Left Wing                Right Wing               Time % Phy DF OF 
 1 Ryan Garbutt             Erik Cole                Sam Gagner               60     1   2  2  
 2 Vernon Fiddler           Teddy Purcell            Justin Williams          40     1   2  2  

PowerPlay Defense
   Defense                  Defense                                           Time % Phy DF OF 
 1 Tobias Enstrom           Adam Pardy                                        60     1   2  2  
 2 Patrick Wiercioch        Kevin Klein                                       40     1   2  2  

Penalty Kill 4 Players Forward 
   Center                   Wing                     Time % Phy DF OF 
 1 Teddy Purcell            Justin Williams          60     1   2  2  
 2 Sam Gagner               Erik Cole                40     1   2  2  

Penalty Kill 4 Players Defense
   Defense                  Defense                  Time % Phy DF OF 
 1 Tobias Enstrom           Adam Pardy               60     1   2  2  
 2 Patrick Wiercioch        Kevin Klein              40     1   2  2  

Penalty Kill - 3 Players Forward 
   Forward                                           Time % Phy DF OF 
 1 Erik Cole                                         60     1   2  2  
 2 Justin Williams                                   40     1   2  2  

Penalty Kill - 3 Players Defense
   Defense                  Defense                  Time % Phy DF OF 
 1 Tobias Enstrom           Adam Pardy               60     1   2  2  
 2 Kevin Connauton          Kevin Klein              40     1   2  2  

4 vs 4 Forward 
   Center                   Wing                     Time % Phy DF OF 
 1 Ryan Garbutt             Justin Williams          60     1   2  2  
 2 Teddy Purcell            Erik Cole                40     1   2  2  

4 vs 4 Defense
   Defense                  Defense                  Time % Phy DF OF 
 1 Tobias Enstrom           Patrick Wiercioch        60     1   2  2  
 2 Adam Pardy               Kevin Klein              40     1   2  2  

Last Minutes Offensive
   Center                   Left Wing                Right Wing               Defense                  Defense                  
   Manny Malhotra           Erik Cole                Sam Gagner               Tobias Enstrom           Adam Pardy               

Last Minutes Defensive
   Center                   Left Wing                Right Wing               Defense                  Defense                  
   Manny Malhotra           Erik Cole                Sam Gagner               Tobias Enstrom           Adam Pardy               

Goaltenders
Starting : Jake Allen               
Backup : Joni Ortio               

Extra Forwards
Normal : Ryan Garbutt, Drew Shore, James Wright - PP : Ryan Garbutt, Drew Shore - PK : James Wright
Extra Defensemen
Normal : Kevin Klein, Adam Pardy, Tobias Enstrom - PP : Tobias Enstrom - PK : Kevin Klein, Tobias Enstrom
Penalty Shots
James Wright, Justin Williams, Sam Gagner, Erik Cole, Teddy Purcell

% Time on Ice - Avalanche

Lines # - Real PCT - Wanted PCT - Time Play
Normal Forward
1 - 24% - 35% - 11:14
2 - 32% - 30% - 15:28
3 - 31% - 25% - 14:34
4 - 13% - 10% - 6:23
Normal Defense
1 - 30% - 35% - 14:30
2 - 32% - 30% - 15:05
3 - 30% - 25% - 14:04
4 - 8% - 10% - 4:00
PP Forward
1 - 54% - 60% - 4:34
2 - 46% - 40% - 3:49
PP Defense
1 - 57% - 60% - 4:46
2 - 43% - 40% - 3:37
PK Forward
1 - 100% - 60% - 3:58
2 - 0% - 40% - 0:00
PK Defense
1 - 71% - 60% - 2:50
2 - 29% - 40% - 1:08
PK3 Forward
1 - 0% - 60%
2 - 0% - 40%
PK3 Defense
1 - 0% - 60%
2 - 0% - 40%
44 Forward
1 - 0% - 60%
2 - 0% - 40%
44 Defense
1 - 0% - 60%
2 - 0% - 40%
Last Minute Offensive  - 0:00
Last Minute Defensive  - 0:00
Total
Forward - 60:00
Defense - 60:00

% Time on Ice - BlueJackets

Lines # - Real PCT - Wanted PCT - Time Play
Normal Forward
1 - 34% - 35% - 15:59
2 - 20% - 30% - 9:28
3 - 28% - 22% - 13:33
4 - 18% - 13% - 8:39
Normal Defense
1 - 35% - 35% - 16:28
2 - 28% - 30% - 13:34
3 - 31% - 22% - 14:32
4 - 6% - 13% - 3:05
PP Forward
1 - 61% - 60% - 2:26
2 - 39% - 40% - 1:32
PP Defense
1 - 54% - 60% - 2:09
2 - 46% - 40% - 1:49
PK Forward
1 - 76% - 60% - 6:20
2 - 24% - 40% - 2:03
PK Defense
1 - 69% - 60% - 5:49
2 - 31% - 40% - 2:34
PK3 Forward
1 - 0% - 60%
2 - 0% - 40%
PK3 Defense
1 - 0% - 60%
2 - 0% - 40%
44 Forward
1 - 0% - 60%
2 - 0% - 40%
44 Defense
1 - 0% - 60%
2 - 0% - 40%
Last Minute Offensive  - 0:00
Last Minute Defensive  - 0:00
Total
Forward - 60:00
Defense - 60:00

Play by Play

1st period


0:01 of 1st period - Manny Malhotra wins face-off versus Ryan O'Reilly in neutral zone.
0:12 of 1st period - Slapshot by Tobias Enstrom.
0:12 of 1st period - Shot Misses the Net.
0:14 of 1st period - Slapshot by Chad Ruhwedel.
0:14 of 1st period - Stopped by Viktor Fasth with a rebound.
0:16 of 1st period - Snap shot by Erik Cole.
0:16 of 1st period - Shot Blocked by Braydon Coburn.
0:18 of 1st period - Slapshot by Chad Ruhwedel.
0:18 of 1st period - Stopped by Viktor Fasth with a rebound.
0:37 of 1st period - Snap shot by Tobias Enstrom.
0:37 of 1st period - Stopped by Viktor Fasth without a rebound.
0:38 of 1st period - Vernon Fiddler wins face-off versus Lars Eller in Avalanche zone.
1:23 of 1st period - Icing by Kevin Klein.
1:24 of 1st period - T.J. Hensick wins face-off versus Vernon Fiddler in BlueJackets zone.
1:52 of 1st period - Icing by Drew Shore.
1:53 of 1st period - Ryan O'Reilly wins face-off versus Drew Shore in BlueJackets zone.
1:54 of 1st period - Snap shot by Rene Bourque.
1:54 of 1st period - Stopped by Jake Allen without a rebound.
1:55 of 1st period - Manny Malhotra wins face-off versus Ryan O'Reilly in BlueJackets zone.
2:50 of 1st period - Ryan McDonagh is hit by Kevin Connauton and loses puck.
2:59 of 1st period - Kevin Klein is hit by T.J. Hensick and loses puck.
4:00 of 1st period - Wrist shot by Lars Eller.
4:00 of 1st period - Goal by Lars Eller - Avalanche : 1 - BlueJackets : 0.
4:01 of 1st period - Manny Malhotra wins face-off versus Ryan O'Reilly in neutral zone.
4:04 of 1st period - Snap shot by Ryan O'Reilly.
4:04 of 1st period - Stopped by Jake Allen without a rebound.
4:05 of 1st period - Ryan O'Reilly wins face-off versus Manny Malhotra in BlueJackets zone.
4:18 of 1st period - Snap shot by Joffrey Lupul.
4:18 of 1st period - Shot Misses the Net.
4:57 of 1st period - Lars Eller is hit by Justin Williams and loses puck.
5:16 of 1st period - Chad Ruhwedel is hit by Valeri Nichushkin and loses puck.
5:27 of 1st period - Snap shot by Valeri Nichushkin.
5:27 of 1st period - Goal by Valeri Nichushkin - Avalanche : 2 - BlueJackets : 0.
5:28 of 1st period - Drew Shore wins face-off versus T.J. Hensick in neutral zone.
5:45 of 1st period - Wrist shot by Daniel Briere.
5:45 of 1st period - Shot Blocked by Tobias Enstrom.
6:34 of 1st period - Manny Malhotra is hit by Mike Ribeiro and loses puck.
6:41 of 1st period - Braydon Coburn is hit by Sam Gagner and loses puck.
7:22 of 1st period - Snap shot by Valeri Nichushkin.
7:22 of 1st period - Goal by Valeri Nichushkin - Avalanche : 3 - BlueJackets : 0.
7:23 of 1st period - James Wright wins face-off versus T.J. Hensick in neutral zone.
7:40 of 1st period - Slapshot by Clayton Stoner.
7:40 of 1st period - Stopped by Jake Allen with a rebound.
7:42 of 1st period - Slapshot by Rostislav Klesla.
7:42 of 1st period - Deflect By Tyler Kennedy.
7:42 of 1st period - Shot Misses the Net.
7:42 of 1st period - Puck is out of play.
7:43 of 1st period - T.J. Hensick wins face-off versus James Wright in BlueJackets zone.
8:09 of 1st period - Backhand shot by Tyler Kennedy.
8:09 of 1st period - Stopped by Jake Allen with a rebound.
8:27 of 1st period - Rostislav Klesla is hit by Adam Pardy and loses puck.
8:44 of 1st period - Manny Malhotra is hit by Rostislav Klesla and loses puck.
9:09 of 1st period - Slapshot by Tobias Enstrom.
9:09 of 1st period - Shot Misses the Net.
9:16 of 1st period - Icing by Ryan McDonagh.
9:17 of 1st period - Drew Shore wins face-off versus Lars Eller in Avalanche zone.
9:32 of 1st period - Slapshot by Drew Shore.
9:32 of 1st period - Stopped by Viktor Fasth with a rebound.
9:34 of 1st period - Wrist shot by Patrick Wiercioch.
9:34 of 1st period - Shot Misses the Net.
9:36 of 1st period - Slapshot by Patrick Wiercioch.
9:36 of 1st period - Stopped by Viktor Fasth with a rebound.
9:38 of 1st period - Snap shot by Patrick Wiercioch.
9:38 of 1st period - Stopped by Viktor Fasth with a rebound.
9:42 of 1st period - Snap shot by Drew Shore.
9:42 of 1st period - Shot Misses the Net.
9:46 of 1st period - Snap shot by Drew Shore.
9:46 of 1st period - Deflect By Braydon Coburn.
9:46 of 1st period - Stopped by Viktor Fasth with a rebound.
10:51 of 1st period - Wrist shot by Sam Gagner.
10:51 of 1st period - Stopped by Viktor Fasth with a rebound.
10:53 of 1st period - Snap shot by Manny Malhotra.
10:53 of 1st period - Shot Misses the Net.
10:55 of 1st period - Slapshot by Kevin Klein.
10:55 of 1st period - Stopped by Viktor Fasth with a rebound.
10:57 of 1st period - Slapshot by Tobias Enstrom.
10:57 of 1st period - Shot Misses the Net.
10:59 of 1st period - Snap shot by Erik Cole.
10:59 of 1st period - Shot Misses the Net.
11:01 of 1st period - Slapshot by Kevin Klein.
11:01 of 1st period - Stopped by Viktor Fasth with a rebound.
11:33 of 1st period - Ryan O'Reilly is hit by Kevin Klein and loses puck.
11:48 of 1st period - Slapshot by Drew Shore.
11:48 of 1st period - Stopped by Viktor Fasth without a rebound.
11:49 of 1st period - James Wright wins face-off versus Lars Eller in Avalanche zone.
12:49 of 1st period - Wrist shot by Tyler Kennedy.
12:49 of 1st period - Deflect By Daniel Briere.
12:49 of 1st period - Shot Misses the Net.
12:49 of 1st period - Puck is out of play.
12:50 of 1st period - Manny Malhotra wins face-off versus Ryan O'Reilly in BlueJackets zone.
13:24 of 1st period - Manny Malhotra is hit by Tyler Kennedy and loses puck.
13:55 of 1st period - Braydon Coburn is hit by Justin Williams and loses puck.
14:37 of 1st period - Backhand shot by Ryan O'Reilly.
14:37 of 1st period - Stopped by Jake Allen with a rebound.
15:39 of 1st period - Minor Penalty to Erik Cole for Tripping.
15:40 of 1st period - Lars Eller wins face-off versus Teddy Purcell in BlueJackets zone.
17:02 of 1st period - Mike Ribeiro is hit by Teddy Purcell and loses puck.
17:06 of 1st period - Icing by Ryan McDonagh.
17:07 of 1st period - Rene Bourque wins face-off versus Teddy Purcell in Avalanche zone.
17:14 of 1st period - Kevin Klein is hit by Mike Ribeiro and loses puck.
17:39 of 1st period - Penalty to Erik Cole is over, Erik Cole is back on ice.
17:41 of 1st period - Slapshot by Patrick Wiercioch.
17:41 of 1st period - Deflect By Erik Cole.
17:41 of 1st period - Shot Misses the Net.
17:41 of 1st period - Puck is out of play.
17:42 of 1st period - Tyler Kennedy wins face-off versus Drew Shore in Avalanche zone.
17:42 of 1st period - Tyler Kennedy is hit by Drew Shore.
18:08 of 1st period - Minor Penalty to Kevin Connauton for Hooking.
18:09 of 1st period - Teddy Purcell wins face-off versus Ryan O'Reilly in BlueJackets zone.
18:20 of 1st period - Snap shot by Joffrey Lupul.
18:20 of 1st period - Shot Blocked by Patrick Wiercioch.
18:22 of 1st period - Slapshot by Morgan Rielly.
18:22 of 1st period - Deflect By Mike Ribeiro.
18:22 of 1st period - Goal by Mike Ribeiro - Avalanche : 4 - BlueJackets : 0.
18:22 of 1st period - Joni Ortio enters game.
18:23 of 1st period - Manny Malhotra wins face-off versus Lars Eller in neutral zone.
18:46 of 1st period - Wrist shot by Erik Cole.
18:46 of 1st period - Shot Blocked by Braydon Coburn.
18:48 of 1st period - Slapshot by Erik Cole.
18:48 of 1st period - Shot Misses the Net.
18:50 of 1st period - Slapshot by Chad Ruhwedel.
18:50 of 1st period - Stopped by Viktor Fasth with a rebound.
18:52 of 1st period - Snap shot by Tobias Enstrom.
18:52 of 1st period - Shot Blocked by Ryan McDonagh.
18:54 of 1st period - Snap shot by Sam Gagner.
18:54 of 1st period - Stopped by Viktor Fasth with a rebound.
18:56 of 1st period - Snap shot by Manny Malhotra.
18:56 of 1st period - Shot Misses the Net.
18:58 of 1st period - Wrist shot by Sam Gagner.
18:58 of 1st period - Shot Blocked by Braydon Coburn.
19:28 of 1st period - Snap shot by Ryan Garbutt.
19:28 of 1st period - Shot Misses the Net.
19:30 of 1st period - Slapshot by Kevin Klein.
19:30 of 1st period - Stopped by Viktor Fasth with a rebound.
19:32 of 1st period - Snap shot by Jesse Winchester.
19:32 of 1st period - Stopped by Viktor Fasth with a rebound.
Goals for this period are 4 for Avalanche vs 0 for BlueJackets.
Shots for this period are 9 for Avalanche vs 15 for BlueJackets.

2nd period


0:01 of 2nd period - Vernon Fiddler wins face-off versus Ryan O'Reilly in neutral zone.
0:03 of 2nd period - Minor Penalty to Tobias Enstrom for Interference.
0:04 of 2nd period - Teddy Purcell wins face-off versus Ryan O'Reilly in BlueJackets zone.
1:13 of 2nd period - Kevin Klein is hit by Ryan McDonagh and loses puck.
1:39 of 2nd period - Wrist shot by Ryan O'Reilly.
1:39 of 2nd period - Stopped by Joni Ortio without a rebound.
1:40 of 2nd period - Ryan O'Reilly wins face-off versus Sam Gagner in BlueJackets zone.
1:47 of 2nd period - Wrist shot by Mike Ribeiro.
1:47 of 2nd period - Shot Misses the Net.
2:03 of 2nd period - Penalty to Tobias Enstrom is over, Tobias Enstrom is back on ice.
2:27 of 2nd period - Kevin Connauton is hit by Brad Stuart and loses puck.
2:40 of 2nd period - Jesse Winchester is hit by Braydon Coburn and loses puck.
3:31 of 2nd period - Wrist shot by Valeri Nichushkin.
3:31 of 2nd period - Shot Misses the Net.
3:33 of 2nd period - Slapshot by Clayton Stoner.
3:33 of 2nd period - Stopped by Joni Ortio with a rebound.
4:05 of 2nd period - Keaton Ellerby is hit by Justin Williams and loses puck.
4:16 of 2nd period - Slapshot by Ryan McDonagh.
4:16 of 2nd period - Deflect By Daniel Briere.
4:16 of 2nd period - Goal by Daniel Briere - Avalanche : 5 - BlueJackets : 0.
4:17 of 2nd period - Lars Eller wins face-off versus Drew Shore in neutral zone.
4:22 of 2nd period - Slapshot by Ryan McDonagh.
4:22 of 2nd period - Shot Misses the Net.
4:36 of 2nd period - Snap shot by Valeri Nichushkin.
4:36 of 2nd period - Stopped by Joni Ortio with a rebound.
4:42 of 2nd period - Slapshot by Kevin Connauton.
4:42 of 2nd period - Stopped by Viktor Fasth without a rebound.
4:43 of 2nd period - Sam Gagner wins face-off versus Ryan O'Reilly in Avalanche zone.
5:36 of 2nd period - Wrist shot by Daniel Briere.
5:36 of 2nd period - Stopped by Joni Ortio with a rebound.
7:59 of 2nd period - Slapshot by Lars Eller.
7:59 of 2nd period - Deflect By Valeri Nichushkin.
7:59 of 2nd period - Shot Blocked by Tobias Enstrom.
7:59 of 2nd period - Puck is out of play.
8:00 of 2nd period - Lars Eller wins face-off versus Vernon Fiddler in BlueJackets zone.
8:50 of 2nd period - Clayton Stoner is hit by Ryan Garbutt and loses puck.
9:36 of 2nd period - James Wright is hit by Benoit Pouliot and loses puck.
9:41 of 2nd period - Snap shot by Valeri Nichushkin.
9:41 of 2nd period - Shot Blocked by James Wright.
9:43 of 2nd period - Snap shot by Ryan McDonagh.
9:43 of 2nd period - Deflect By Lars Eller.
9:43 of 2nd period - Goal by Lars Eller - Avalanche : 6 - BlueJackets : 0.
9:44 of 2nd period - Drew Shore wins face-off versus T.J. Hensick in neutral zone.
9:55 of 2nd period - Snap shot by Drew Shore.
9:55 of 2nd period - Stopped by Viktor Fasth with a rebound.
9:57 of 2nd period - Slapshot by Adam Pardy.
9:57 of 2nd period - Deflect By Ryan Garbutt.
9:57 of 2nd period - Stopped by Viktor Fasth with a rebound.
9:59 of 2nd period - Snap shot by Adam Pardy.
9:59 of 2nd period - Shot Misses the Net.
10:13 of 2nd period - Snap shot by Drew Shore.
10:13 of 2nd period - Shot Misses the Net.
10:15 of 2nd period - Slapshot by Adam Pardy.
10:15 of 2nd period - Shot Blocked by Braydon Coburn.
10:27 of 2nd period - Manny Malhotra is hit by Ryan McDonagh and loses puck.
10:47 of 2nd period - Sam Gagner is hit by Lars Eller and loses puck.
11:14 of 2nd period - Chad Ruhwedel is hit by Braydon Coburn and loses puck.
11:21 of 2nd period - Slapshot by Joffrey Lupul.
11:21 of 2nd period - Shot Blocked by Teddy Purcell.
11:23 of 2nd period - Snap shot by Joffrey Lupul.
11:23 of 2nd period - Deflect By Ryan O'Reilly.
11:23 of 2nd period - Shot Misses the Net.
11:23 of 2nd period - Puck is out of play.
11:24 of 2nd period - Vernon Fiddler wins face-off versus Ryan O'Reilly in BlueJackets zone.
12:19 of 2nd period - Tobias Enstrom is hit by T.J. Hensick and loses puck.
12:34 of 2nd period - Icing by Morgan Rielly.
12:35 of 2nd period - Vernon Fiddler wins face-off versus T.J. Hensick in Avalanche zone.
12:40 of 2nd period - Snap shot by Vernon Fiddler.
12:40 of 2nd period - Deflect By Teddy Purcell.
12:40 of 2nd period - Shot Misses the Net.
12:40 of 2nd period - Puck is out of play.
12:41 of 2nd period - Lars Eller wins face-off versus Vernon Fiddler in Avalanche zone.
13:31 of 2nd period - Clayton Stoner is hit by Jesse Winchester and loses puck.
13:58 of 2nd period - Minor Penalty to Sam Gagner for Holding.
13:59 of 2nd period - Teddy Purcell wins face-off versus Ryan O'Reilly in BlueJackets zone.
14:53 of 2nd period - Snap shot by Daniel Briere.
14:53 of 2nd period - Stopped by Joni Ortio without a rebound.
14:54 of 2nd period - Teddy Purcell wins face-off versus Ryan O'Reilly in BlueJackets zone.
15:58 of 2nd period - Penalty to Sam Gagner is over, Sam Gagner is back on ice.
16:04 of 2nd period - Joffrey Lupul is hit by Ryan Garbutt and loses puck.
16:17 of 2nd period - Valeri Nichushkin is hit by Ryan Garbutt and loses puck.
16:31 of 2nd period - Rostislav Klesla is hit by Ryan Garbutt and loses puck.
17:10 of 2nd period - Snap shot by Daniel Briere.
17:10 of 2nd period - Shot Misses the Net.
17:12 of 2nd period - Snap shot by Daniel Briere.
17:12 of 2nd period - Shot Misses the Net.
17:22 of 2nd period - Ryan O'Reilly is hit by Manny Malhotra and loses puck.
17:36 of 2nd period - Minor Penalty to Justin Williams for Tripping.
17:37 of 2nd period - Teddy Purcell wins face-off versus Ryan O'Reilly in BlueJackets zone.
17:41 of 2nd period - Slapshot by Tobias Enstrom.
17:41 of 2nd period - Shot Misses the Net.
17:49 of 2nd period - Snap shot by Ryan O'Reilly.
17:49 of 2nd period - Goal by Ryan O'Reilly - Avalanche : 7 - BlueJackets : 0.
17:50 of 2nd period - Lars Eller wins face-off versus James Wright in neutral zone.
17:59 of 2nd period - Wrist shot by Benoit Pouliot.
17:59 of 2nd period - Shot Blocked by Kevin Klein.
18:33 of 2nd period - Minor Penalty to Benoit Pouliot for Holding.
18:34 of 2nd period - Ryan Garbutt wins face-off versus Ryan O'Reilly in Avalanche zone.
18:45 of 2nd period - Wrist shot by Sam Gagner.
18:45 of 2nd period - Shot Misses the Net.
18:47 of 2nd period - Wrist shot by Ryan Garbutt.
18:47 of 2nd period - Stopped by Viktor Fasth with a rebound.
18:49 of 2nd period - Backhand shot by Tobias Enstrom.
18:49 of 2nd period - Shot Blocked by Ryan McDonagh.
18:51 of 2nd period - Backhand shot by Tobias Enstrom.
18:51 of 2nd period - Stopped by Viktor Fasth with a rebound.
18:53 of 2nd period - Slapshot by Adam Pardy.
18:53 of 2nd period - Shot Misses the Net.
18:55 of 2nd period - Wrist shot by Ryan Garbutt.
18:55 of 2nd period - Stopped by Viktor Fasth with a rebound.
18:57 of 2nd period - Slapshot by Tobias Enstrom.
18:57 of 2nd period - Shot Blocked by Ryan McDonagh.
18:59 of 2nd period - Slapshot by Tobias Enstrom.
18:59 of 2nd period - Stopped by Viktor Fasth without a rebound.
19:00 of 2nd period - Ryan O'Reilly wins face-off versus Vernon Fiddler in Avalanche zone.
Goals for this period are 3 for Avalanche vs 0 for BlueJackets.
Shots for this period are 8 for Avalanche vs 7 for BlueJackets.

3rd period


0:01 of 3rd period - Ryan Garbutt wins face-off versus Ryan O'Reilly in neutral zone.
0:33 of 3rd period - Penalty to Benoit Pouliot is over, Benoit Pouliot is back on ice.
1:10 of 3rd period - Snap shot by Justin Williams.
1:10 of 3rd period - Stopped by Viktor Fasth without a rebound.
1:11 of 3rd period - T.J. Hensick wins face-off versus James Wright in Avalanche zone.
1:28 of 3rd period - Snap shot by Tyler Kennedy.
1:28 of 3rd period - Shot Misses the Net.
1:30 of 3rd period - Slapshot by Brad Stuart.
1:30 of 3rd period - Shot Misses the Net.
1:32 of 3rd period - Snap shot by T.J. Hensick.
1:32 of 3rd period - Shot Misses the Net.
1:34 of 3rd period - Slapshot by Morgan Rielly.
1:34 of 3rd period - Stopped by Joni Ortio with a rebound.
1:39 of 3rd period - Minor Penalty to Tobias Enstrom for Tripping.
1:40 of 3rd period - Lars Eller wins face-off versus Justin Williams in BlueJackets zone.
1:42 of 3rd period - Snap shot by Lars Eller.
1:42 of 3rd period - Shot Blocked by Kevin Klein.
2:35 of 3rd period - James Wright is hit by Mike Ribeiro and loses puck.
2:58 of 3rd period - Wrist shot by Mike Ribeiro.
2:58 of 3rd period - Shot Misses the Net.
3:39 of 3rd period - Penalty to Tobias Enstrom is over, Tobias Enstrom is back on ice.
3:45 of 3rd period - Tobias Enstrom is hit by Lars Eller and loses puck.
4:34 of 3rd period - Slapshot by Ryan Garbutt.
4:34 of 3rd period - Shot Misses the Net.
4:36 of 3rd period - Snap shot by Ryan Garbutt.
4:36 of 3rd period - Shot Misses the Net.
4:38 of 3rd period - Snap shot by Drew Shore.
4:38 of 3rd period - Shot Misses the Net.
4:54 of 3rd period - Sam Gagner is hit by Daniel Briere.
4:58 of 3rd period - Braydon Coburn is hit by Patrick Wiercioch and loses puck.
5:57 of 3rd period - Snap shot by Ryan Garbutt.
5:57 of 3rd period - Shot Misses the Net.
6:27 of 3rd period - Wrist shot by Tyler Kennedy.
6:27 of 3rd period - Stopped by Joni Ortio with a rebound.
6:29 of 3rd period - Snap shot by Braydon Coburn.
6:29 of 3rd period - Deflect By Daniel Briere.
6:29 of 3rd period - Stopped by Joni Ortio with a rebound.
6:49 of 3rd period - James Wright is hit by Joffrey Lupul and loses puck.
7:00 of 3rd period - Wrist shot by Joffrey Lupul.
7:00 of 3rd period - Stopped by Joni Ortio without a rebound.
7:01 of 3rd period - T.J. Hensick wins face-off versus Michael Raffl in BlueJackets zone.
7:04 of 3rd period - Slapshot by Daniel Briere.
7:04 of 3rd period - Shot Blocked by Patrick Wiercioch.
7:06 of 3rd period - Backhand shot by Clayton Stoner.
7:06 of 3rd period - Stopped by Joni Ortio with a rebound.
7:20 of 3rd period - Wrist shot by Daniel Briere.
7:20 of 3rd period - Deflect By Tyler Kennedy.
7:20 of 3rd period - Stopped by Joni Ortio without a rebound.
7:21 of 3rd period - Vernon Fiddler wins face-off versus T.J. Hensick in BlueJackets zone.
7:30 of 3rd period - Braydon Coburn is hit by Vernon Fiddler and loses puck.
7:45 of 3rd period - Minor Penalty to Mike Ribeiro for Cross-checking.
7:46 of 3rd period - Valeri Nichushkin wins face-off versus Ryan Garbutt in Avalanche zone.
8:45 of 3rd period - Braydon Coburn is hit by Ryan Garbutt and loses puck.
9:45 of 3rd period - Penalty to Mike Ribeiro is over, Mike Ribeiro is back on ice.
9:46 of 3rd period - Adam Pardy is hit by Braydon Coburn and loses puck.
10:09 of 3rd period - Justin Williams is hit by Rene Bourque and loses puck.
10:27 of 3rd period - Icing by Morgan Rielly.
10:28 of 3rd period - Drew Shore wins face-off versus Rene Bourque in Avalanche zone.
10:29 of 3rd period - Slapshot by Tobias Enstrom.
10:29 of 3rd period - Deflect By Jesse Winchester.
10:29 of 3rd period - Stopped by Viktor Fasth without a rebound.
10:30 of 3rd period - T.J. Hensick wins face-off versus Drew Shore in Avalanche zone.
10:37 of 3rd period - Snap shot by Tyler Kennedy.
10:37 of 3rd period - Shot Blocked by Ryan Garbutt.
10:39 of 3rd period - Slapshot by Rostislav Klesla.
10:39 of 3rd period - Stopped by Joni Ortio with a rebound.
10:41 of 3rd period - Slapshot by Rostislav Klesla.
10:41 of 3rd period - Deflect By Daniel Briere.
10:41 of 3rd period - Stopped by Joni Ortio with a rebound.
10:43 of 3rd period - Slapshot by Rostislav Klesla.
10:43 of 3rd period - Goal by Rostislav Klesla - Avalanche : 8 - BlueJackets : 0.
10:44 of 3rd period - Ryan O'Reilly wins face-off versus Manny Malhotra in neutral zone.
10:55 of 3rd period - Wrist shot by Joffrey Lupul.
10:55 of 3rd period - Deflect By Ryan O'Reilly.
10:55 of 3rd period - Stopped by Joni Ortio with a rebound.
11:25 of 3rd period - Teddy Purcell is hit by Ryan McDonagh and loses puck.
11:39 of 3rd period - Snap shot by Valeri Nichushkin.
11:39 of 3rd period - Shot Misses the Net.
12:03 of 3rd period - Snap shot by Daniel Briere.
12:03 of 3rd period - Shot Misses the Net.
12:11 of 3rd period - Snap shot by Daniel Briere.
12:11 of 3rd period - Shot Blocked by Drew Shore.
13:25 of 3rd period - Slapshot by Teddy Purcell.
13:25 of 3rd period - Shot Misses the Net.
13:44 of 3rd period - Wrist shot by Justin Williams.
13:44 of 3rd period - Deflect By Michael Raffl.
13:44 of 3rd period - Stopped by Viktor Fasth with a rebound.
13:46 of 3rd period - Snap shot by Adam Pardy.
13:46 of 3rd period - Shot Misses the Net.
14:04 of 3rd period - Sam Gagner is hit by Lars Eller.
15:10 of 3rd period - Backhand shot by Daniel Briere.
15:10 of 3rd period - Stopped by Joni Ortio with a rebound.
15:12 of 3rd period - Slapshot by Brad Stuart.
15:12 of 3rd period - Deflect By Tyler Kennedy.
15:12 of 3rd period - Stopped by Joni Ortio without a rebound.
15:13 of 3rd period - T.J. Hensick wins face-off versus Erik Cole in BlueJackets zone.
15:34 of 3rd period - Slapshot by Morgan Rielly.
15:34 of 3rd period - Shot Blocked by Erik Cole.
15:46 of 3rd period - Snap shot by Joffrey Lupul.
15:46 of 3rd period - Shot Misses the Net.
15:48 of 3rd period - Slapshot by Brad Stuart.
15:48 of 3rd period - Stopped by Joni Ortio with a rebound.
15:50 of 3rd period - Slapshot by Brad Stuart.
15:50 of 3rd period - Shot Misses the Net.
15:52 of 3rd period - Wrist shot by Ryan O'Reilly.
15:52 of 3rd period - Stopped by Joni Ortio with a rebound.
15:54 of 3rd period - Slapshot by Morgan Rielly.
15:54 of 3rd period - Shot Misses the Net.
15:56 of 3rd period - Slapshot by Brad Stuart.
15:56 of 3rd period - Shot Misses the Net.
16:28 of 3rd period - Snap shot by Ryan McDonagh.
16:28 of 3rd period - Shot Blocked by Patrick Wiercioch.
16:30 of 3rd period - Slapshot by Braydon Coburn.
16:30 of 3rd period - Shot Misses the Net.
16:32 of 3rd period - Slapshot by Braydon Coburn.
16:32 of 3rd period - Stopped by Joni Ortio without a rebound.
16:33 of 3rd period - Drew Shore wins face-off versus Daniel Briere in BlueJackets zone.
16:56 of 3rd period - Snap shot by Ryan O'Reilly.
16:56 of 3rd period - Shot Misses the Net.
16:58 of 3rd period - Slapshot by Clayton Stoner.
16:58 of 3rd period - Stopped by Joni Ortio without a rebound.
16:59 of 3rd period - Ryan O'Reilly wins face-off versus Vernon Fiddler in BlueJackets zone.
18:14 of 3rd period - Snap shot by Drew Shore.
18:14 of 3rd period - Stopped by Viktor Fasth with a rebound.
18:18 of 3rd period - Snap shot by Jesse Winchester.
18:18 of 3rd period - Deflect By Ryan Garbutt.
18:18 of 3rd period - Shot Misses the Net.
18:18 of 3rd period - Puck is out of play.
18:19 of 3rd period - James Wright wins face-off versus Ryan O'Reilly in Avalanche zone.
18:59 of 3rd period - Kevin Klein is hit by Clayton Stoner.
19:03 of 3rd period - Kevin Klein is hit by Lars Eller and loses puck.
19:14 of 3rd period - Morgan Rielly is hit by Erik Cole and loses puck.
19:24 of 3rd period - Off-side.
19:25 of 3rd period - Vernon Fiddler wins face-off versus Ryan O'Reilly in neutral zone.
19:28 of 3rd period - Brad Stuart is hit by Patrick Wiercioch and loses puck.
19:59 of 3rd period - Wrist shot by Drew Shore.
19:59 of 3rd period - Shot Misses the Net.
Goals for this period are 1 for Avalanche vs 0 for BlueJackets.
Shots for this period are 16 for Avalanche vs 4 for BlueJackets.


Output by the SimonT Hockey Simulator (STHS) for Eric Dolegowski -- Original Page W3C XHTML 1.0 Valid
Hockey Simulator - Hockey Simulation - Hockey Manager